 Dungeon Crawl Stone Soup version 0.21.0-3-g78d12a8 (webtiles) character file.

72 Vodalian the Skirmisher (level 4, -3/41 HPs)
             Began as a Minotaur Berserker on Jan 11, 2018.
             Was a Believer of Trog.
             Killed from afar by an orc wizard (7 damage)
             ... with a puff of flame
             ... on level 3 of the Dungeon.
             The game lasted 00:04:24 (1290 turns).

Vodalian the Skirmisher (Minotaur Berserker)        Turns: 1290, Time: 00:04:25

Health: -3/41      AC:  5    Str: 22    XL:     4   Next: 7%
Magic:  3/3        EV: 12    Int:  4    God:    Trog [**....]
Gold:   122        SH:  0    Dex: 10    Spells: 3/3 levels left

rFire    . . .     SeeInvis .   a - +0 hand axe
rCold    . . .     Gourm    .   (no shield)
rNeg     . . .     Faith    .   b - +0 animal skin
rPois    .         Spirit   .   n - +2 hat
rElec    .         Reflect  .   (no cloak)
rCorr    .         Harm     .   k - +0 pair of gloves
MR       .....                  (no boots)
Stlth    +.........             (no amulet)
HPRegen  0.13/turn              j - ring of flight
MPRegen  0.08/turn              (no ring)

@: no status effects
A: retaliatory headbutt, horns 2
a: Berserk, Trog's Hand, Burn Spellbooks, Renounce Religion, Evoke Flight


You were on level 3 of the Dungeon.
You worshipped Trog.
Trog was pleased with you.
You were not hungry.

You visited 1 branch of the dungeon, and saw 3 of its levels.

You collected 122 gold pieces.

Inventory:

Hand Weapons
 a - a +0 hand axe (weapon)
Missiles
 p - 5 tomahawks (quivered)
Armour
 b - a +0 animal skin (worn)
 k - a +0 pair of gloves (worn)
 n - a +2 hat (worn)
Jewellery
 j - a ring of flight (left hand)
Scrolls
 d - a scroll of enchant weapon {unknown}
 f - a scroll of magic mapping {unknown}
 h - a scroll of teleportation {unknown}
 m - 3 scrolls of remove curse {unknown}
 o - 3 scrolls of identify {unknown}
Potions
 e - 2 potions of haste {unknown}
 g - a potion of degeneration {unknown}
 i - 2 potions of curing {unknown}
Comestibles
 c - 3 rations
 l - 4 chunks of flesh


   Skills:
 * Level 4.5 Fighting
 * Level 4.5 Axes
 + Level 3.1 Armour
 + Level 2.7 Dodging


You had 3 spell levels left.
You didn't know any spells.

Dungeon Overview and Level Annotations

Branches:
Dungeon (3/15)

Altars:
Elyvilon


Innate Abilities, Weirdness & Mutations

You reflexively headbutt those who attack you in melee.
You have a pair of horns on your head.


Message History

You kill the orc!
Trog accepts your kill.
The orc priest begins to cast a cantrip, but forgets the words!
You barely miss something. You headbutt something.
You hear some strange, mumbled words.
A magic dart appears from out of thin air!
The magic dart hits you!
You miss something. You headbutt something! Something hits you.
The orc priest calls down the wrath of Beogh upon you.
Beogh smites you!
* * * LOW HITPOINT WARNING * * *
Unknown command.
You barely miss something. You headbutt something. Something hits you.
* * * LOW HITPOINT WARNING * * *
You closely miss something. Something completely misses you.
The orc priest casts a cantrip, but nothing happens.
You hear some strange, mumbled words.
A puff of flame appears from out of thin air!
The puff of flame hits you!
You die...

.# ..# ###. ..# ...
... #..###.#
##.#...# #
.####...#.###.####
...........@)o...#
######...#####.##.#
........## #
#######.# #.# #.#
#.# .## #.# ..# #.#


You could see an orc priest.

Vanquished Creatures
  3 adders
  2 leopard geckos
  4 orcs (D:3)
  A giant cockroach (D:3)
  3 goblins (D:2)
  6 hobgoblins
  3 jackals (D:2)
  A quokka (D:2)
  A ball python (D:2)
  A bat (D:1)
  3 frilled lizards
  4 kobolds (D:2)
  6 rats
38 creatures vanquished.

Vanquished Creatures (others)
  A bat (D:2)
1 creature vanquished.

Grand Total: 39 creatures vanquished

Notes
Turn   | Place    | Note
-------+----------+-------------------------------------------
     0 | D:1      | Vodalian the Minotaur Berserker began the quest for the Orb.
     0 | D:1      | Reached XP level 1. HP: 19/19 MP: 0/0
   551 | D:2      | Reached XP level 2. HP: 27/27 MP: 1/1
   658 | D:2      | Found a white marble altar of Elyvilon.
   702 | D:2      | Reached XP level 3. HP: 21/33 MP: 2/2
   882 | D:2      | Reached ** piety under Trog
  1282 | D:3      | Reached XP level 4. HP: 41/41 MP: 3/3
  1290 | D:3      | Killed from afar by an orc wizard

Skill      XL: |  1  2  3 |
---------------+----------+-----
Axes           | 4 |  4.5
Fighting       | 4 |  4.5
Armour         | 3 |  3.1
Dodging        | |  2.7

Action                   |  1- 3 |  4- 6 || total
-------------------------+-------+-------++-------
Melee: Hand axe          |    67 |     8 ||    75
       Headbutt          |    13 |     3 ||    16
  Eat: Chunk             |     1 |       ||     1
Armor: Animal skin       |    19 |       ||    19
Dodge: Dodged            |    38 |     1 ||    39
